 Dungeon Crawl Stone Soup version 0.30-a0-365-ge7f957f1db (webtiles) character file.

Game seed: 11749020054379966827

7163 funkygono the Thaumaturge (level 10, -3/64 HPs)
             Began as a Demonspawn Fire Elementalist on Nov 17, 2022.
             Killed from afar by Erica (16 damage)
             ... with a bolt of poison
             ... on level 9 of the Dungeon.
             The game lasted 00:20:08 (9088 turns).

funkygono the Thaumaturge (DsFE)                    Turns: 9088, Time: 00:20:09

Health: -3/64      AC:  5    Str:  8    XL:     10   Next: 86%
Magic:  0/33       EV: 12    Int: 26    God:
Gold:   659        SH:  4    Dex: 14    Spells: 16/29 levels left

rFire   . . .      SeeInvis .    z - +5 quarterstaff of Suicidal Tendencies {vorpal, *Corrode MP+9 Int+5}
rCold   + + .      Faith    .    (shield currently unavailable)
rNeg    + . .      Spirit   +    H - +0 steam dragon scales
rPois   .          Reflect  .    (no helmet)
rElec   .          Harm     .    n - scarf {repulsion}
rCorr   .          Rampage  .    (no gloves)
Will    .....                    (no boots)
Stlth   ++........               w - amulet "Kum Maot" {RegenMP rC+}
HPRegen 0.30/turn                k - ring of positive energy
MPRegen 0.86/turn                t - ring of protection from cold

@: lethally poisoned (-3 -> -17), repel missiles
A: large bone plates 1, magic shield, magic regeneration, demonic magic 2,
weakness stinger 1
a: no special abilities


You were on level 9 of the Dungeon.
You visited 2 branches of the dungeon, and saw 10 of its levels.
You also visited: Bailey.

You collected 659 gold pieces.

Inventory:

Hand Weapons
 c - a +4 whip of pain
 m - a +0 whip
 u - a +0 flail of protection
 y - a +3 short sword
 z - the +5 quarterstaff of Suicidal Tendencies (weapon) {vorpal, *Corrode MP+9 Int+5}
   (You found it on level 4 of the Dungeon)

   It inflicts extra damage upon your enemies.
   Int:       It affects your intelligence (+5).
   MP:        It affects your magic capacity (+9).
   *Corrode:  It may corrode you when you take damage.
 A - a +2 long sword
 B - a +2 whip of freezing
 L - a +3 mace
 T - a +2 morningstar of draining
Missiles
 o - 4 throwing nets
Armour
 a - a +0 robe
 n - a scarf of repulsion (worn)
 r - a +0 leather armour
 D - a +1 leather armour of fire resistance
 E - a +0 crystal plate armour
 H - +0 steam dragon scales (worn)
 N - a +3 plate armour
 P - the +6 crystal plate armour of the Watchman {Rampage rPois Dex-5}
   (You found it in a bailey)

   Dex:       It affects your dexterity (-5).
   rPois:     It protects you from poison.
   Rampage:   It bestows one free step when moving towards enemies.
 Q - a +2 tower shield of reflection
Magical Staves
 s - a staff of earth
Jewellery
 k - a ring of positive energy (left hand)
 t - a ring of protection from cold (right hand)
 w - the amulet "Kum Maot" (around neck) {RegenMP rC+}
   (You found it on level 4 of the Dungeon)

   [amulet of magic regeneration]

   It increases your rate of magic regeneration.
   rC:        It protects you from cold.
 C - an amulet of faith
 M - a ring of wizardry
 O - a ring of fire
Wands
 i - a wand of flame (30)
 v - a wand of polymorph (17)
 F - a wand of roots (21)
 G - a wand of digging (1)
 J - a wand of paralysis (5)
 K - a wand of mindburst (5)
Scrolls
 d - 4 scrolls of teleportation
 f - a scroll of vulnerability
 I - a scroll of fear
 R - 2 scrolls of identify
 S - a scroll of enchant weapon
 U - 3 scrolls of brand weapon {unknown}
Potions
 b - 2 potions of magic
 e - 4 potions of berserk rage
 g - 3 potions of haste
 h - a potion of might {unknown}
 j - 2 potions of brilliance {unknown}
 l - a potion of lignification {unknown}
 p - 4 potions of curing
 q - 3 potions of heal wounds
 x - a potion of cancellation {unknown}


   Skills:
 + Level 0.8 Fighting
 + Level 1.0(1.1) Maces & Flails
 + Level 0.5(1.0) Staves
 + Level 2.5 Dodging
 - Level 1.7 Stealth
 + Level 0.7 Shields
 + Level 10.0 Spellcasting
 + Level 8.0 Conjurations
 + Level 9.4 Fire Magic


You had 16 spell levels left.
You knew the following spells:

 Your Spells              Type           Power      Damage    Failure   Level
a - Foxfire               Conj/Fire      100%       2x1d9     1%          1
b - Scorch                Fire           100%       2d10      1%          2
c - Kindle Blastsparks    Fire/Tloc/Air  58%        2d14      3%          3
d - Flame Wave            Conj/Fire      55%        2d13      1%          4
e - Vampiric Draining     Necr           13%        2d6       14%         3

Your spell library contained the following spells:

 Spells                   Type           Power      Damage    Failure   Level
 Static Discharge         Conj/Air       66%        2-5/arc   1%          2
 Inner Flame              Hex/Fire       37%        N/A       1%          3
 Hailstorm                Conj/Ice       33%        3d8       2%          3
 Slow                     Hex            52%        N/A       4%          1
 Ensorcelled Hibernation  Hex/Ice        26%        N/A       7%          2
 Confusing Touch          Hex            13%        N/A       14%         3
 Gell's Gravitas          Tloc           13%        N/A       14%         3
 Lesser Beckoning         Tloc           26%        N/A       14%         3
 Spider Form              Tmut/Pois      13%        N/A       14%         3
 Teleport Other           Tloc           13%        N/A       14%         3
 Tukima's Dance           Hex            13%        N/A       14%         3
 Vhi's Electric Charge    Tloc/Air       26%        N/A       14%         3
 Arcjolt                  Conj/Air       16%        1d26      24%         5
 Lightning Bolt           Conj/Air       16%        1d30      24%         5
 Anguish                  Hex/Necr       6%         N/A       41%         4
 Ice Form                 Ice/Tmut       13%        N/A       41%         4
 Passage of Golubria      Tloc           13%        N/A       41%         4
 Summon Forest            Summ/Tloc      6%         N/A       77%         5
 Summon Mana Viper        Hex/Summ       13%        N/A       77%         5
 Yara's Violent Unravell  Hex/Tmut       6%         3d5       77%         5
 Simulacrum               Ice/Necr       6%         N/A       100%        6
 Summon Cactus Giant      Summ           6%         N/A       100%        6
 Enfeeble                 Hex            6%         N/A       100%        7


Dungeon Overview and Level Annotations

Branches:
Dungeon (9/15)             Temple (1/1) D:4          Bailey (visited)
   Lair: D:8-11         Orc: D:9-12

Altars:
Ashenzari
Cheibriados
Dithmenos
Fedhas
Gozag
Hepliaklqana
Kikubaaqudgha
Makhleb
Nemelex Xobeh
Okawaru
Qazlal
Ru
Sif Muna
Trog
Uskayaw
Wu Jian
Xom
Yredelemnul

Annotations:
D:9 Erica


Innate Abilities, Weirdness & Mutations

You are partially covered in large bone plates. (SH +4)
When hurt, damage is shared between your health and your magic reserves.
You regenerate magic rapidly.
Spells you cast may paralyse nearby enemies.
You have a small tail.


Message History

(Press . to intensify the flame waves.) Malevolent energies surge around you.
A phantom comes into view.
A wave of flame ripples out!
The flame wave engulfs your foxfire.
Your foxfire completely resists.
The flame wave engulfs something!
Something hits you! Something burns you.
Unknown command.
A wave of flame ripples out!
The flame wave engulfs your foxfire.
Your foxfire completely resists.
The flame wave engulfs something!
The flame wave engulfs the ogre zombie!!
The ogre zombie is heavily damaged.
You finish channelling waves of flame.
Something hits you! Something burns you.
A hobgoblin skeleton comes into view.
Something hits you!! Something burns you!
* * * LOW HITPOINT WARNING * * *
Casting: Flame Wave (dangerous; 1% risk of failure)
Confirm with . or Enter, or press ? or * to list all spells.
Casting: Flame Wave (dangerous; 1% risk of failure)
Press: ? - help, Dir - look around, f - activate A wave of flame ripples out!
The flame wave engulfs your foxfire.
Your foxfire completely resists.
The flame wave engulfs something!! (Press . to intensify the flame waves.) Malevolent energies surge around you.
A shadow comes into view.
Something hits you.
* * * LOW HITPOINT WARNING * * *
Something burns you.
* * * LOW HITPOINT WARNING * * *
A wave of flame ripples out!
The flame wave engulfs your foxfire.
Your foxfire completely resists.
The flame wave engulfs something!
The flame wave engulfs the ogre zombie.
The ogre zombie is severely damaged.
A phantom comes into view.
You hear some strange, mumbled words.
A bolt of poison appears from out of thin air!
The bolt of poison hits you!!
You are lethally poisoned!
You die...

# #..##.## #
#. #.# # #
#.## . #..# #
. #..## ###
###W.
##..###.#
..ZW ##.....#
#..##
##..#.##ZW..#
####.@{#
####..# .##
##


You could see 2 phantoms, a shadow, an ogre zombie and a hobgoblin skeleton.

Vanquished Creatures
  Pikel (D:7)
  An orc knight (Bailey)
  A kobold demonologist (D:9)
  Maggie (D:9)
  Psyche (D:9)
  3 hornets
  Sigmund (D:5)
  A wyvern (D:9)
  A steam dragon (D:7)
  Menkaure (D:7)
  2 water moccasins
  5 orc warriors (Bailey)
  A sky beast (D:7)
  3 ice beasts
  2 black bears (D:8)
  An ogre (D:5)
  3 centaurs
  3 phantoms
  3 kobold brigands
  Blork the orc (D:4)
  A gnoll sergeant (D:6)
  3 scorpions
  3 wights (D:6)
  12 killer bees
  5 electric eels (D:6)
  4 orc priests
  2 gnoll boudas
  6 hounds
  6 iguanas
  Natasha (thrice) (D:3)
  6 orc wizards
  An ogre zombie (D:9)
  17 gnolls
  6 adders
  A shadow imp (D:6)
  A white imp (D:4)
  3 ufetubi
  A worm (D:2)
  5 dart slugs
  37 orcs
  9 endoplasms
  A giant cockroach (D:3)
  11 goblins
  2 hobgoblins
  11 jackals
  24 kobolds
  4 quokkas
  9 ball pythons
  8 bats
  2 frilled lizards
  A goblin zombie (D:9)
  An orc zombie (D:9)
  3 rats
  A toadstool (D:1)
246 creatures vanquished.

Vanquished Creatures (collateral kills)
  7 foxfires
7 creatures vanquished.

Vanquished Creatures (others)
  A vampire (D:8)
  An orc wizard (D:5)
  929 foxfires
  48 plants (D:6)
  3 toadstools (D:1)
982 creatures vanquished.

Grand Total: 1235 creatures vanquished

Notes
Turn   | Place    | Note
-------+----------+-------------------------------------------
     0 | D:1      | funkygono the Demonspawn Fire Elementalist began the quest
                  | for the Orb.
     0 | D:1      | Reached XP level 1. HP: 13/13 MP: 3/3
   296 | D:1      | Gained mutation: Spells you cast may paralyse adjacent
                  | enemies. [demonic ancestry]
   296 | D:1      | Reached XP level 2. HP: 19/19 MP: 1/5
   301 | D:1      | Learned a level 2 spell: Scorch
  1403 | D:2      | Reached XP level 3. HP: 24/24 MP: 3/6
  1407 | D:2      | Learned a level 3 spell: Kindle Blastsparks
  2187 | D:2      | Gained mutation: Spells you cast may paralyse nearby
                  | enemies. [demonic ancestry]
  2187 | D:2      | Reached XP level 4. HP: 30/30 MP: 4/7
  2474 | D:3      | Noticed Natasha
  2480 | D:3      | Killed Natasha
  2598 | D:3      | Noticed Natasha
  2604 | D:3      | Killed Natasha
  2610 | D:3      | Reached skill level 3 in Spellcasting
  2610 | D:3      | Gained mutation: You regenerate magic rapidly. [demonic
                  | ancestry]
  2610 | D:3      | Reached XP level 5. HP: 35/35 MP: 0/9
  2914 | D:3      | Noticed Natasha
  2925 | D:3      | Killed Natasha
  3313 | D:3      | Gained mutation: You are partially covered in large bone
                  | plates. (SH +4) [demonic ancestry]
  3313 | D:3      | Reached XP level 6. HP: 41/41 MP: 6/11
  3555 | D:4      | Learned a level 4 spell: Flame Wave
  3654 | D:4      | Found a staircase to the Ecumenical Temple.
  3669 | Temple   | Entered the Ecumenical Temple
  4116 | D:4      | Noticed Blork the orc
  4119 | D:4      | Killed Blork the orc
  4120 | D:4      | Reached skill level 4 in Spellcasting
  4145 | D:4      | Identified the amulet "Kum Maot" {RegenMP rC+}
  4222 | D:4      | Reached XP level 7. HP: 46/46 MP: 1/13
  4305 | D:4      | Reached skill level 5 in Fire Magic
  4418 | D:4      | Identified the +5 quarterstaff of Suicidal Tendencies
                  | {vorpal, *Corrode MP+9 Int+5}
  4855 | D:5      | Entered Level 5 of the Dungeon
  5115 | D:5      | Reached skill level 5 in Spellcasting
  5188 | D:5      | Noticed Sigmund
  5202 | D:5      | Reached skill level 1 in Maces & Flails
  5203 | D:5      | Killed Sigmund
  5204 | D:5      | Gained mutation: When hurt, damage is shared between your
                  | health and your magic reserves. [demonic ancestry]
  5204 | D:5      | Reached XP level 8. HP: 25/52 MP: 16/16
  5399 | D:5      | Reached skill level 6 in Spellcasting
  6042 | D:6      | Reached skill level 5 in Conjurations
  6045 | D:6      | Reached skill level 7 in Spellcasting
  6072 | D:6      | Gained mutation: You have a small tail. [demonic ancestry]
  6072 | D:6      | Reached XP level 9. HP: 58/58 MP: 19/19
  6682 | D:6      | Learned a level 3 spell: Vampiric Draining
  6715 | D:7      | Noticed Menkaure
  6730 | D:7      | Killed Menkaure
  6914 | D:7      | Reached skill level 8 in Spellcasting
  7017 | D:7      | Noticed Pikel
  7027 | D:7      | Killed Pikel
  7028 | D:7      | Reached XP level 10. HP: 64/64 MP: 22/22
  7450 | D:8      | Reached skill level 9 in Spellcasting
  7913 | D:9      | Found a flagged portal.
  7919 | Bailey   | Entered a bailey
  8309 | Bailey   | Noticed an orc knight
  8408 | Bailey   | Killed an orc knight
  8492 | Bailey   | Identified the +6 crystal plate armour of the Watchman
                  | {Rampage rPois Dex-5}
  8844 | D:9      | Noticed Maggie
  8856 | D:9      | Killed Maggie
  8882 | D:9      | Noticed Psyche
  8883 | D:9      | Reached skill level 10 in Spellcasting
  8889 | D:9      | Killed Psyche
  9074 | D:9      | Noticed Erica
  9088 | D:9      | Killed from afar by Erica

Illustrated notes

Levels and vault maps discovered:
D:1:      ldierk_water_garden, layout_loops_corners
D:2:      layout_loops_corners
D:3:      layout_rooms, tso_metal_star, uniq_natasha
D:4:      layout_gridville, temple_fountains, uniq_blork_the_orc
D:5:      layout_basic, minmay_misc_feat_doors, uniq_sigmund
D:6:      layout_rooms, serial_bayou, serial_bayou_lagoon_a,
          serial_bayou_shore_a, serial_bayou_pond_b, serial_bayou_lake_a
D:7:      layout_gridville, kennysheep_generic_room_2, uniq_menkaure, uniq_pikel
D:8:      layout_basic
D:9:      layout_layer_cave, zombieorc1_lemuel, enter_bailey_3, eino_jars,
          uniq_erica, uniq_psyche, uniq_maggie
Temple:   mainiacjoe_temple_big_plus

Skill      XL: |  1  2  3  4  5  6  7  8  9 10 |
---------------+-------------------------------+-----
Fire Magic     | 3 4 5 6 8 9 |  9.4
Dodging        | 2 |  2.5
Conjurations   | 2 3 4 5 6 8 |  8.0
Spellcasting   | 3 4 5 7 8 10 | 10.0
Maces & Flails | 1 |  1.0
Fighting       | |  0.8
Staves         | |  0.5
Stealth        | |  1.7
Shields        | |  0.7

Action                   |  1- 3 |  4- 6 |  7- 9 | 10-12 || total
-------------------------+-------+-------+-------+-------++-------
Melee: Whip              |    18 |     3 |       |       ||    21
       Quarterstaff      |       |       |     9 |     2 ||    11
 Cast: Foxfire           |    60 |   116 |   199 |   160 ||   535
       Scorch            |     2 |    18 |    45 |    35 ||   100
       Flame Wave        |       |       |     1 |     4 ||     5
  Use: Scroll            |       |       |     9 |     6 ||    15
 Stab: Paralysed         |     3 |     3 |     1 |       ||     7
Armor: Robe              |     2 |     1 |     1 |       ||     4
       Steam dragon scal |       |       |     1 |     2 ||     3
Dodge: Dodged            |    14 |    15 |    14 |    20 ||    63
       Repelled          |       |       |     1 |     1 ||     2
Block: Other             |       |     2 |     2 |     2 ||     6

Table legend: (Time is in decaauts)
 A = Elapsed time spent in this place.
 B = Non-inter-level travel time spent in this place.
 C = Inter-level travel time spent in this place.
 D = Time resting spent in this place.
 E = Time spent auto-exploring this place.
 F = Levels seen in this place.
 G = Mean time per level.
                   A        B        C        D        E       F      G
               +--------+--------+--------+--------+--------+-----+--------+
         Total |   9186 |   8953 |    233 |    466 |   6856 |  11 |  835.1 |
       Dungeon |   8062 |   7856 |    206 |    186 |   6339 |   9 |  895.8 |
        Temple |    431 |    405 |     26 |      0 |    395 |   1 |  431.0 |
        Bailey |    691 |    691 |      0 |    280 |    122 |   1 |  691.0 |
               +--------+--------+--------+--------+--------+-----+--------+

Top non-repeatable levels by time:
     D:1: 1380 daAuts
     D:2: 1159 daAuts
     D:4: 1028 daAuts
     D:5: 955 daAuts
     D:6: 940 daAuts
     D:3: 871 daAuts
  Bailey: 691 daAuts
     D:9: 602 daAuts
     D:7: 579 daAuts
     D:8: 543 daAuts
  Temple: 431 daAuts
